 Dungeon Crawl Stone Soup version 0.24.0-41-g2ae2f7f1be (webtiles) character file.

Game seed: 5307373513721530419, levelgen mode: deterministic

4424 H0rd4k the Thaumaturge (level 10, -1/52 HPs)
             Began as a Deep Elf Wizard on Dec 9, 2019.
             Slain by a hornet zombie (9 damage)
             ... on level 9 of the Dungeon on Dec 10, 2019.
             The game lasted 00:25:51 (8705 turns).

H0rd4k the Thaumaturge (Deep Elf Wizard)            Turns: 8705, Time: 00:25:51

Health: -1/52      AC:  2    Str:  9    XL:     10   Next: 14%
Magic:  14/29      EV: 19    Int: 27    God:
Gold:   491        SH:  0    Dex: 13    Spells: 26/35 levels left

rFire    . . .     SeeInvis .   q - staff of summoning
rCold    . . .     Gourm    .   (no shield)
rNeg     . . .     Faith    .   a - +0 robe
rPois    .         Spirit   .   t - +0 hat {MR+}
rElec    .         Reflect  .   (no cloak)
rCorr    .         Harm     .   (no gloves)
MR       ++...                  (no boots)
Stlth    +++.......             b - amulet of magic regeneration
HPRegen  0.17/turn              E - +5 ring of strength
MPRegen  0.46/turn              o - +5 ring of evasion

@: lethally poisoned (-1 -> -4)
A: no striking features
a: no special abilities


You were on level 9 of the Dungeon.
You were not hungry.

You visited 1 branch of the dungeon, and saw 9 of its levels.

You collected 491 gold pieces.

Inventory:

Missiles
 n - 51 poisoned darts (quivered)
 s - a throwing net
Armour
 a - a +0 robe (worn)
 t - a +0 hat of magic resistance (worn)
 w - a +1 pair of gloves
Magical Staves
 q - an uncursed staff of summoning (weapon)
Jewellery
 b - an amulet of magic regeneration (around neck)
 m - a +2 ring of dexterity
 o - a +5 ring of evasion (right hand)
 E - a +5 ring of strength (left hand)
Wands
 y - a wand of flame (18)
 z - a wand of polymorph (22)
 A - a wand of iceblast (5)
 B - a wand of disintegration (5)
Scrolls
 f - 5 scrolls of remove curse {unknown}
 i - 3 scrolls of teleportation {unknown}
 l - a scroll of fog {unknown}
 u - a scroll of amnesia
 v - 2 scrolls of immolation
 C - 3 scrolls of noise
 G - 2 scrolls of enchant weapon
 H - a scroll of vulnerability {unknown}
Potions
 c - 2 potions of degeneration
 e - 3 potions of heal wounds
 g - a potion of ambrosia
 h - a potion of lignification
 j - 6 potions of curing
 k - 2 potions of haste
 p - a potion of invisibility
 r - 2 potions of flight
 x - a potion of resistance
 D - 2 potions of might
 F - a potion of brilliance {unknown}
 I - a potion of cancellation {unknown}
Comestibles
 d - 18 rations


   Skills:
 + Level 1.3 Fighting
 + Level 4.1 Dodging
 + Level 4.1 Stealth
 + Level 13.1 Spellcasting
 + Level 9.8 Conjurations
   Level 1.1 Summonings
 + Level 1.2 Translocations
 + Level 2.9 Fire Magic
 + Level 2.0 Air Magic
 + Level 2.4 Poison Magic
 + Level 0.5 Evocations


You had 26 spell levels left.
You knew the following spells:

 Your Spells              Type           Power        Failure   Level  Hunger
a - Magic Dart            Conj           ####         1%          1    None
b - Blink                 Tloc           N/A          2%          2    None
c - Conjure Flame         Conj/Fire      ######..     1%          3    None
d - Mephitic Cloud        Conj/Pois/Air  #####...     1%          3    None

Your spell library contained the following spells:

 Spells                   Type           Power        Failure   Level  Hunger
 Flame Tongue             Conj/Fire      #####        1%          1    None
 Throw Flame              Conj/Fire      ######       1%          2    None
 Sticky Flame             Conj/Fire      ######..     2%          4    None
 Corona                   Hex            ###....      3%          1    None
 Call Imp                 Summ           #####...     3%          2    None
 Slow                     Hex            ###.....     4%          2    None
 Inner Flame              Hex/Fire       ####....     4%          3    None
 Fireball                 Conj/Fire      ######....   6%          5    ##.....
 Portal Projectile        Hex/Tloc       ###...       7%          3    None
 Cause Fear               Hex            ###.......   30%         4    None
 Leda's Liquefaction      Hex/Erth       ###.......   30%         4    None


Dungeon Overview and Level Annotations

Branches:
Dungeon (9/15)             Temple (0/1) D:4
   Lair: D:8-11         Orc: D:9-12

Altars:
Cheibriados
Elyvilon
Fedhas
Hepliaklqana
Kikubaaqudgha
Nemelex Xobeh
Okawaru
Ru
Sif Muna
Trog
Xom

Shops:
D:4 !   D:9 !}%

Annotations:
D:1 exclusion: downstairs
D:2 exclusion: downstairs
D:3 exclusion: phantom
D:5 exclusion: downstairs
D:8 exclusion: 2 downstairs


Message History

Things that are here:
2 stones; a +0 vampiric whip You feel sick.
Items here: ( †††† a stone; a soldier ant corpse x4
Casting: Magic Dart (safe; 1% risk of failure)
Confirm with . or Enter, or press ? or * to list all spells.
Aiming: Conjure Flame (safe; 1% risk of failure)
Press: ? - help, Dir - move target cursor The fire ignites!
You feel sick.
A soldier ant comes into view.
Casting: Conjure Flame (safe; 1% risk of failure)
Confirm with . or Enter, or press ? or * to list all spells.
Aiming: Conjure Flame (safe; 1% risk of failure)
Press: ? - help, Dir - move target cursor
Okay, then.
You feel sick.
The hornet zombie is engulfed in blazing flames.
The hornet zombie hits you!
You die...

..#######......# #..
#............' #..
'##............# # #..
...............########.#####.[
...............................
.∩....(...###....)....#########
.......#..#.#.....[...#.......#
......#_#.#.######[####.......#
.......#....)(@Z(.)...........#
.......)....)######..(.......(#
......#.###..#....#.......#####
......#......#....#.......#....
.....##[.....#....'.......#....
.....#[......######.......#....
.. #....................#....
........####Y.............#....
##Y####.# #..............#....


You could see a hornet zombie.

Vanquished Creatures
  A spriggan (D:7)
  4 yaks (D:9)
  7 soldier ants (D:9)
  A black bear (D:7)
  2 sky beasts
  A phantom (D:7)
  4 ice beasts
  A necrophage (D:7)
  4 centaurs
  3 big kobolds
  3 bullfrogs
  A scorpion (D:6)
  2 wights (D:7)
  4 howler monkeys
  4 crimson imps
  4 human zombies (D:7)
  2 jellies
  An orc priest (D:6)
  4 hounds
  5 orc wizards
  Terence (D:3)
  5 worker ants
  2 killer bee zombies
  5 mummies (D:7)
  A hound skeleton (D:8)
  A worker ant zombie (D:6)
  3 gnolls (D:2)
  6 adders
  2 shadow imps
  An adder zombie (D:6)
  A worm (D:4)
  3 dart slugs
  6 leopard geckos
  27 orcs
  9 bats
  6 giant cockroaches
  5 goblins
  8 hobgoblins
  7 jackals
  5 quokkas
  2 ball pythons
  A ball python skeleton (D:4)
  A giant cockroach zombie (D:5)
  18 kobolds
  A quokka skeleton (D:4)
  5 rats
190 creatures vanquished.

Notes
Turn   | Place    | Note
-------+----------+-------------------------------------------
     0 | D:1      | H0rd4k the Deep Elf Wizard began the quest for the Orb.
     0 | D:1      | Reached XP level 1. HP: 10/10 MP: 7/7
   159 | D:1      | Reached skill level 5 in Spellcasting
   159 | D:1      | Reached XP level 2. HP: 15/15 MP: 2/10
   609 | D:1      | Reached XP level 3. HP: 10/19 MP: 2/12
   830 | D:2      | Found a shimmering altar of Xom.
   856 | D:1      | Learned a level 2 spell: Blink
   860 | D:1      | Learned a level 3 spell: Conjure Flame
   864 | D:1      | Learned a level 3 spell: Mephitic Cloud
  1053 | D:2      | Found a blossoming altar of Fedhas.
  1230 | D:2      | Reached XP level 4. HP: 24/24 MP: 10/13
  1235 | D:2      | Reached skill level 6 in Spellcasting
  1396 | D:2      | Found a snail-covered altar of Cheibriados.
  1448 | D:2      | Found a sacrificial altar of Ru.
  1944 | D:3      | Reached XP level 5. HP: 27/28 MP: 12/16
  2028 | D:3      | Found a faded altar of an unknown god.
  2090 | D:3      | Found a bloodstained altar of Trog.
  2156 | D:3      | Noticed Terence
  2334 | D:3      | Killed Terence
  2728 | D:4      | Found a staircase to the Ecumenical Temple.
  2728 | D:4      | Noticed a phantom
  3020 | D:4      | Found Jerixova's Distillery.
  3066 | D:4      | Reached skill level 7 in Spellcasting
  3155 | D:3      | Reached XP level 6. HP: 29/32 MP: 1/18
  3503 | D:4      | Found a sparkling altar of Nemelex Xobeh.
  3811 | D:5      | Entered Level 5 of the Dungeon
  3868 | D:5      | Noticed an ice beast
  3882 | D:5      | Noticed an ice beast
  4118 | D:5      | Killed an ice beast
  4118 | D:5      | Reached skill level 8 in Spellcasting
  4299 | D:5      | Killed an ice beast
  4299 | D:5      | Reached XP level 7. HP: 36/36 MP: 6/21
  4547 | D:5      | Reached skill level 5 in Conjurations
  4820 | D:6      | Found a white marble altar of Elyvilon.
  4889 | D:6      | Reached skill level 9 in Spellcasting
  4949 | D:6      | Reached skill level 1 in Poison Magic
  5386 | D:6      | Reached XP level 8. HP: 29/42 MP: 13/23
  5589 | D:6      | Found a hazy altar of Hepliaklqana.
  5878 | D:7      | Reached skill level 1 in Fighting
  5878 | D:7      | Reached skill level 10 in Spellcasting
  6240 | D:7      | Reached skill level 1 in Fire Magic
  6313 | D:7      | Reached skill level 11 in Spellcasting
  6337 | D:7      | Found an ancient bone altar of Kikubaaqudgha.
  6493 | D:7      | Reached XP level 9. HP: 47/47 MP: 19/26
  6703 | D:8      | Found a shimmering blue altar of Sif Muna.
  7622 | D:9      | Found Ineezad's Food Shoppe.
  7706 | D:9      | Found Wophocag's Gadget Shop.
  7865 | D:9      | Reached skill level 12 in Spellcasting
  7870 | D:9      | Reached skill level 1 in Air Magic
  8498 | D:9      | Found an iron altar of Okawaru.
  8578 | D:9      | Found Qeanueganne's Distillery.
  8615 | D:9      | Reached XP level 10. HP: 45/52 MP: 16/28
  8678 | D:9      | Reached skill level 13 in Spellcasting
  8705 | D:9      | Slain by a hornet zombie

Levels and vault maps discovered:
D:1:      nicolae_arrival_memento_mori, layout_rooms
D:2:      layout_rooms, cheibriados_altar_1, overflow_temple_1_default, tgw_xom,
          fedhas_altar_1, first_ration
D:3:      layout_loops_ring, lemuel_doored_altar,
          chequers_ecumenical_altar_simple, uniq_terence
D:4:      layout_cave_pods, lemuel_coloured_pillars_altar,
          minmay_temple_entry_statues_pillars, serial_shops,
          nicolae_shop_competitors_out_of_business
D:5:      layout_loops_ring
D:6:      layout_rooms, kennysheep_little_box, nicolae_overflow_hidden_temple,
          mrwooster_statue_mirror
D:7:      layout_basic, lemuel_mausoleum_altar_kikubaaqudgha, the_bakery
D:8:      layout_layer_cave, basic_altar, palyth_stone_intersect
D:9:      layout_irregular_city, old_standard_altar,
          nicolae_overflow_crystal_walls, nicolae_gozag_seed_capital,
          okawaru_metal_pillars_1_2, serial_shops, shop, shop_fountains, shop,
          shop, shop, basic_altar, minivault_29

Skill      XL: |  1  2  3  4  5  6  7  8  9 10 |
---------------+-------------------------------+-----
Spellcasting   | 5 6 7 8 9 11 12 13 | 13.1
Conjurations   | 2 3 4 5 7 9 |  9.8
Dodging        | 3 4 |  4.1
Stealth        | 3 4 |  4.1
Poison Magic   | 1 2 |  2.4
Fighting       | 1 |  1.3
Fire Magic     | 2 |  2.9
Air Magic      | 1 2 |  2.0
Summonings     | |  1.1
Translocations | |  1.2
Evocations     | |  0.5

Action                   |  1- 3 |  4- 6 |  7- 9 | 10-12 || total
-------------------------+-------+-------+-------+-------++-------
 Cast: Magic Dart        |    94 |   192 |   361 |    24 ||   671
       Conjure Flame     |       |     9 |    33 |     3 ||    45
       Mephitic Cloud    |       |     3 |    21 |     1 ||    25
       Blink             |       |       |     2 |       ||     2
Evoke: Wand              |       |       |     2 |       ||     2
  Use: Potion            |     1 |       |       |       ||     1
       Scroll            |       |     3 |    11 |       ||    14
  Eat: Chunk             |     1 |     8 |     9 |       ||    18
       Ration            |       |       |     1 |     1 ||     2
Armor: Robe              |     5 |     3 |     6 |       ||    14
Dodge: Dodged            |    13 |    29 |    69 |     7 ||   118
